 Dungeon Sprint DCSS version 0.18-a0-1243-g9e52518 (webtiles) character file.

106 nuthulu the Skirmisher (level 4, -6/35 HPs)
             Began as a Gargoyle Fighter on Feb 5, 2016.
             Mangled by a redback (13 damage)
             ... summoned by a deep elf mage
             ... in the Dungeon (Sprint III: "The Ten Rune Challenge").
             The game lasted 00:01:58 (665 turns).

nuthulu the Skirmisher (Gargoyle Fighter)            Turns: 665, Time: 00:01:58

Health: -6/35      AC: 10    Str: 19    XL:     4   Next: 84%
Magic:  4/4        EV:  7    Int:  9    God:
Gold:   22         SH:  9    Dex: 10    Spells: 0 memorised, 3 levels left

rFire  . . .     SeeInvis .     a - +0 flail
rCold  . . .     Gourm    .     b - +0 scale mail
rNeg   + . .     Faith    .     c - +0 shield
rPois  ∞         Spirit   .     (no helmet)
rElec  +         Dismiss  .     (no cloak)
rCorr  .         Reflect  .     (no gloves)
SustAt .         Harm     .     (no boots)
MR     .....     NoTele   +     (no amulet)
Stlth  ..........               (no ring)
                                (no ring)

@: not resistant to hostile enchantments, extremely unstealthy
A: claws 1, negative energy resistance 1, electricity resistance, unbreathing,
petrification resistance, rot immunity, AC +3
a: no special abilities


You were in the Dungeon.
You were not hungry.

You visited 1 branch You collected 22 gold pieces.

Inventory:

Hand Weapons
 a - a +0 flail (weapon)
Armour
 b - a +0 scale mail (worn)
 c - a +0 shield (worn)
Scrolls
 k - a scroll of blinking
 n - a scroll of immolation
 o - a scroll of identify
 p - 3 scrolls of remove curse
 s - a scroll of torment
Potions
 e - a potion of curing
 g - a potion of heal wounds
 i - 3 potions of magic
 j - a potion of berserk rage
 l - a potion of ambrosia
 r - a potion of cure mutation
 t - 2 potions of flight
Comestibles
 f - 2 bread rations
 q - a royal jelly


   Skills:
 + Level 7.7 Fighting
 + Level 6.7 Maces & Flails
 - Level 3.2 Armour
 - Level 3.2 Shields


You had 3 spell levels left.
You didn't know any spells.

Dungeon Overview and Level Annotations

Branches:
Dungeon (1/1)

Altars:
Elyvilon
Zin
The Shining One


Innate Abilities, Weirdness & Mutations

You are resistant to torment.
Your stone body is resilient (AC +3).
You are immune to poison.
You resist negative energy.
You are resistant to electric shocks.
You can survive without breathing.
You are immune to petrification.
You are immune to rotting.
You have sharp fingernails.


Message History

You block the demonic crawler's attack.
The demonic crawler hits you but does no damage. x2
You thump the deep elf mage!
The deep elf mage is heavily wounded.
The redback bites you but does no damage.
The tarantella bites you but does no damage.
You block the demonic crawler's attack.
The demonic crawler hits you but does no damage.
The demonic crawler closely misses you.
The deep elf mage gestures wildly while chanting.
The redback bites you but does no damage.
You block the tarantella's attack.
You thump the deep elf mage!
The deep elf mage is almost dead.
The demonic crawler hits you.
* * * LOW HITPOINT WARNING * * *
The demonic crawler barely misses you.
The demonic crawler hits you but does no damage.
The redback bites you!
You die...

▓▓▓▓▓▓▓▓▓ ▓▓▓ ..+.....♣
♣.##### ..#.....♣♣
♣.#sss# ###....♣.♣
♣.#e@s# ..#....≈.♣
♣♣.###s#+###+
..#...≈≈.♣♣♣..#..........
..#..≈≈≈≈♣....+.⌠........
#'#..≈≈≈≈≈≈...#...######+
..#.≈≈≈≈≈≈....#.⌠.#
..#.≈≈≈≈≈.....#...#
..#.≈≈≈.......#+###
###...........#


You could see a demonic crawler, a deep elf mage, a tarantella and 3 redbacks.

Vanquished Creatures
  A water elemental (D)
  A wolf (D)
  A human (D)
  An ooze (D)
  3 rats (D)
7 creatures vanquished.

Vanquished Creatures (others)
  2 draconian scorchers (D)
  A yaktaur (D)
  3 plants (D)
6 creatures vanquished.

Grand Total: 13 creatures vanquished

Notes
Turn   | Place    | Note
--------------------------------------------------------------
     0 | D        | nuthulu the Gargoyle Fighter began the quest for the Orb.
     0 | D        | Reached XP level 1. HP: 14/14 MP: 1/1
    15 | D        | Reached skill level 4 in Fighting
    21 | D        | Killed a yaktaur
    41 | D        | Reached XP level 2. HP: 20/20 MP: 2/2
    97 | D        | Noticed a wolf
    98 | D        | Reached skill level 5 in Fighting
    98 | D        | Reached XP level 3. HP: 17/26 MP: 3/3
   106 | D        | Reached skill level 6 in Fighting
   106 | D        | Reached skill level 5 in Maces & Flails
   168 | D        | Killed a white draconian scorcher
   193 | D        | Killed a white draconian scorcher
   322 | D        | Gained mutation: Your movements are slightly less encumbered by armour (ER -2). [potion of mutation]
   322 | D        | Gained mutation: Your magical capacity is low (-10% MP). [potion of mutation]
   322 | D        | Gained mutation: Your body sometimes deteriorates upon taking damage. [potion of mutation]
   323 | D        | Lost mutation: Your body sometimes deteriorates upon taking damage. [potion of cure mutation]
   323 | D        | Lost mutation: Your magical capacity is low (-10% MP). [potion of cure mutation]
   324 | D        | Gained mutation: Your magical capacity is low (-10% MP). [potion of mutation]
   324 | D        | Gained mutation: You are weak. (Str -2) [potion of mutation]
   324 | D        | Gained mutation: You have sharp fingernails. [potion of mutation]
   325 | D        | Lost mutation: Your magical capacity is low (-10% MP). [potion of cure mutation]
   325 | D        | Lost mutation: Your movements are slightly less encumbered by armour (ER -2). [potion of cure mutation]
   325 | D        | Lost mutation: You are weak. (Str -2) [potion of cure mutation]
   378 | D        | Noticed a water elemental
   397 | D        | Killed a water elemental
   397 | D        | Reached skill level 7 in Fighting
   397 | D        | Reached XP level 4. HP: 10/35 MP: 4/4
   652 | D        | Found a glowing silver altar of Zin.
   653 | D        | Found a glowing golden altar of the Shining One.
   653 | D        | Found a white marble altar of Elyvilon.
   653 | D        | Noticed a deep elf mage
   662 | D        | Noticed a tarantella
   662 | D        | Noticed a redback
   662 | D        | Noticed a demonic crawler
   665 | D        | Noticed a redback
   665 | D        | Noticed a redback
   665 | D        | Mangled by a redback

Vault maps used:
D:        dungeon_sprint_mu

Action                   |  1- 3 |  4- 6 || total
-------------------------+-------+-------++-------
Melee: Flail             |    55 |    11 ||    66
  Use: Scroll            |     4 |       ||     4
       Potion            |     6 |       ||     6
